Map: Odyssey LE

Players

ByuN - Winner!

  • Race: Terran Terran
  • Spawn Location: 11:00

Elazer

  • Race: Zerg Zerg
  • League: Master
  • Spawn Location: 5:00

Event: HomeStory Cup XV

VOD

Have the link to the VOD?

Description

Time

  • Played on: July 23, 2017, 2:27 p.m.
  • Length: 11:54

All games in this series

Show
View Real Time Build Order
Export as new Build Order

ByuN Terran - Winner!

Build Orders: MMM Bio 

Get SALT Encoding   

  12  0:00  SCV  
  13  0:12  SCV  
  14  0:18  Supply Depot  
  14  0:24  SCV  
  15  0:39  SCV  
  15  0:40  Barracks  
  16  0:44  Refinery  
  16  0:51  SCV  
  17  1:00  Barracks  
  17  1:04  SCV  
  18  1:16  SCV  
  19  1:19  Barracks  
  19  1:27  Reaper  
  20  1:36  Orbital Command  
  20  1:42  Refinery  
  20  1:46  Reaper  
  21  1:54  Supply Depot  
  21  2:02  SCV  
  21  2:03  Reaper  
  23  2:15  SCV, Reaper  
  25  2:25  Reaper  
  25  2:27  Supply Depot  
  25  2:29  SCV  
  27  2:35  Reaper  
  28  2:47  Reaper  
  28  2:48  SCV  
  30  2:58  Reaper  
  30  3:00  Command Center  
  30  3:05  SCV  
  32  3:08  Reaper  
  33  3:14  Supply Depot  
  33  3:17  SCV  
  35  3:20  Reaper  
  35  3:29  SCV  
  35  3:30  Factory  
  36  3:37  Reaper  
  37  3:41  SCV  
  37  3:47  Reaper  
  39  3:49  Refinery  
  39  3:50  Refinery  
  39  3:53  SCV  
  40  3:56  Reaper  
  41  4:05  SCV  
  42  4:14  Orbital Command  
  42  4:16  Starport  
  42  4:20  SCV  
  42  4:21  Factory Reactor  
  43  4:24  Reaper  
  43  4:27  Marine  
  43  4:29  Reaper  
  46  4:32  SCV  
  47  4:44  SCV x2  
  49  4:48  Reaper  
  45  4:56  SCV x2, Reaper  
  48  5:02  Reaper  
  48  5:06  Medivac x2  
  53  5:07  Factory Reactor  
  53  5:08  SCV x2  
  53  5:12  Supply Depot  
  55  5:19  Liberator  
  55  5:20  SCV x2  
  57  5:24  Supply Depot  
  57  5:32  SCV  
  57  5:33  SCV  
  59  5:36  Medivac  
  64  5:43  Command Center  
  64  5:45  SCV, Barracks Tech Lab, Widow Mine  
  64  5:48  Widow Mine  
  69  5:52  SCV  
  69  5:55  Barracks Reactor x2  
  71  5:57  SCV  
  71  6:02  Marine x2, Supply Depot  
  73  6:06  SCV  
  73  6:09  SCV  
  75  6:12  Engineering Bay  
  75  6:14  Engineering Bay  
  75  6:17  Marine  
  75  6:18  Stimpack, SCV  
  77  6:21  SCV  
  77  6:23  Barracks Reactor  
  77  6:25  Barracks Reactor  
  78  6:30  SCV  
  78  6:31  Supply Depot  
  79  6:33  SCV  
  79  6:37  Barracks Reactor  
  79  6:38  Barracks Reactor, Marine  
  81  6:44  Terran Infantry Armor Level 1, Terran Infantry Weapons Level 1  
  80  6:55  SCV x2  
  80  6:59  Orbital Command  
  80  7:01  Barracks  
  82  7:02  Marine  
  82  7:06  Medivac x2  
  82  7:07  Widow Mine x2  
  91  7:15  SCV x2  
  93  7:19  Supply Depot  
  93  7:21  Supply Depot  
  91  7:25  Marine  
  91  7:26  Marine  
  91  7:27  Marine x2  
  91  7:29  Orbital Command  
  93  7:31  SCV x2  
  92  7:39  Medivac x2  
  92  7:43  SCV x2  
  98  7:47  Marine x2, Armory  
  98  7:48  Marine  
  98  7:51  Marine  
  98  7:55  SCV x2  
  101  7:59  Marine  
  101  8:03  SCV  
  103  8:06  Supply Depot  
  103  8:07  SCV  
  103  8:08  SCV  
  103  8:09  Supply Depot  
  103  8:10  Supply Depot  
  103  8:11  Marine x3  
  108  8:16  Barracks Reactor  
  108  8:19  Barracks  
  107  8:20  SCV x2  
  107  8:22  Marine x2  
  107  8:24  SCV  
  111  8:29  Marine x2  
  111  8:32  SCV x2, Marine  
  116  8:36  SCV  
  116  8:37  Combat Shields  
  116  8:40  Marine x2  
  119  8:42  Terran Infantry Armor Level 2, Terran Infantry Weapons Level 2  
  119  8:46  Marine  
  119  8:47  Marine  
  119  8:50  Marine  
  119  8:53  Liberator x2  
  118  8:57  Marine x2, Barracks  
  118  8:58  Marine x2  
  118  8:59  Barracks  
  118  9:02  Barracks  
  120  9:04  Marine x2  
  120  9:08  Marine x2  
  116  9:15  Marine x2  
  116  9:16  Marine x2  
  124  9:22  Marine x2  
  124  9:23  Terran Vehicle And Ship Armor Level 1  
  124  9:24  Widow Mine  
  125  9:25  Marine  
  125  9:26  Marine  
  125  9:27  Refinery, Widow Mine  
  131  9:33  Marine x2  
  131  9:34  Marine x2  
  135  9:40  Marine x2  
  135  9:42  Command Center  
  135  9:43  Marine  
  135  9:44  Marine  
  140  9:51  Barracks Reactor, Marine x3  
  140  9:52  Marine, Widow Mine  
  142  9:55  Widow Mine  
  142  9:56  Concussive Shells  
  142  9:57  Barracks Tech Lab  
  142  9:58  Marine x2  
  147  10:01  Marine  
  147  10:02  Marine  
  139  10:09  Marine x4  
  132  10:15  Marine  
  132  10:16  Marine  
  132  10:18  SCV x2  
  132  10:19  Marine  
  132  10:21  Barracks Reactor, Widow Mine  
  132  10:23  Marauder, Marine  
  132  10:24  Widow Mine  
  132  10:26  Marine  
  132  10:27  Marine  
  132  10:28  Marauder, Marine  
  136  10:30  Barracks Reactor  
  136  10:33  Marine x2, Medivac x2  
  136  10:37  Marine  
  138  10:44  Marauder, Marine x2  
  138  10:46  Marine  
  138  10:49  Marauder, Widow Mine  
  145  10:51  Marine x2  
  145  10:53  Widow Mine  
  145  10:54  Marine  
  145  10:55  Supply Depot  
  145  10:56  Barracks Reactor  
  145  10:57  Supply Depot x2  
  151  10:59  Supply Depot  
  138  11:04  Marine  
  138  11:05  Planetary Fortress  
  138  11:07  Marine  
  138  11:09  Marine  
  135  11:11  Medivac x2  
  135  11:13  Marine  
  135  11:18  Widow Mine  
  131  11:22  Widow Mine  
  131  11:24  Marauder x2  
  130  11:34  Marine  
Show
View Real Time Build Order
Export as new Build Order

Elazer Zerg 

Build Orders: Hatch First 

Get SALT Encoding   

  12  0:00  Drone  
  13  0:12  Overlord  
  13  0:17  Drone  
  14  0:30  Drone  
  14  0:31  Drone  
  14  0:34  Drone  
  17  0:52  Hatchery  
  17  0:54  Drone  
  18  0:57  Drone  
  18  1:07  Extractor  
  17  1:11  Spawning Pool  
  17  1:14  Drone  
  17  1:18  Drone  
  18  1:27  Drone  
  19  1:38  Overlord  
  19  1:50  Drone  
  20  1:58  Queen  
  20  2:00  Zergling x2  
  23  2:05  Queen, Zergling x2  
  23  2:07  Metabolic Boost  
  26  2:22  Hatchery  
  26  2:25  Zergling x2  
  26  2:34  Drone  
  27  2:37  Queen  
  28  2:45  Queen  
  30  2:51  Zergling x4  
  30  2:56  Drone  
  30  2:57  Drone  
  34  3:00  Drone  
  35  3:05  Overlord  
  35  3:08  Zergling x2  
  36  3:23  Zergling x2  
  36  3:24  Zergling x8  
  41  3:27  Zergling x2  
  42  3:34  Overlord  
  42  3:40  Zergling x2  
  43  3:46  Hatchery  
  42  3:49  Evolution Chamber, Queen  
  42  3:51  Zergling x2  
  42  3:54  Zergling x4  
  46  3:57  Zergling x4  
  48  4:03  Zergling x4  
  48  4:07  Overlord  
  50  4:11  Drone  
  50  4:16  Drone  
  52  4:30  Drone x3  
  52  4:31  Drone  
  56  4:32  Drone x2  
  56  4:35  Drone x2  
  58  4:48  Drone  
  58  4:49  Drone  
  58  4:51  Zerg Ground Armor Level 1  
  60  4:58  Drone x2  
  62  5:01  Drone x2  
  62  5:05  Drone, Overlord  
  65  5:07  Drone  
  65  5:19  Overlord  
  65  5:25  Hatchery, Drone  
  65  5:26  Drone x6  
  65  5:28  Drone  
  72  5:30  Extractor, Drone  
  72  5:34  Drone  
  72  5:35  Overlord  
  73  5:43  Drone x3  
  73  5:44  Drone  
  73  5:47  Queen  
  79  5:53  Zergling x10  
  79  5:55  Lair  
  84  6:00  Extractor  
  84  6:02  Drone x3  
  87  6:11  Zergling x8  
  90  6:20  Overlord  
  90  6:26  Hatchery  
  90  6:29  Overlord  
  83  6:36  Zergling x8  
  83  6:37  Zergling x14  
  89  6:45  Queen  
  89  6:46  Zergling x2  
  89  6:47  Zergling x8  
  93  6:49  Drone  
  93  6:50  Drone  
  93  6:52  Baneling Nest, Evolution Chamber  
  93  6:54  Zergling x8  
  93  7:01  Drone x3  
  93  7:02  Spore Crawler, Drone  
  91  7:10  Spore Crawler, Overlord  
  91  7:12  Drone x2  
  91  7:14  Drone x2  
  91  7:19  Drone x2  
  91  7:21  Drone  
  90  7:24  Drone  
  90  7:27  Drone  
  85  7:37  Spore Crawler  
  85  7:44  Drone x5  
  82  7:50  Zergling x2  
  82  7:51  Zergling x8  
  81  7:57  Zergling x12  
  84  8:03  Zergling x2  
  83  8:10  Zerg Ground Armor Level 2, Centrifical Hooks  
  83  8:11  Zerg Melee Weapons Level 1  
  83  8:13  Zergling x6  
  83  8:14  Baneling x2  
  83  8:15  Baneling x2  
  83  8:19  Zergling x6  
  89  8:23  Zergling x6  
  92  8:29  Zergling x8  
  92  8:32  Zergling x6  
  97  8:36  Overlord  
  97  8:41  Zergling x6  
  97  8:46  Zergling x2  
  95  8:49  Overlord  
  95  8:53  Zergling x4  
  95  8:54  Zergling x6  
  100  8:59  Zergling x2  
  100  9:07  Zergling x2  
  100  9:08  Zergling x4  
  87  9:13  Zergling x8  
  86  9:17  Zergling x12  
  86  9:22  Zergling x2  
  86  9:23  Zergling x10  
  98  9:26  Overlord  
  98  9:32  Zergling x12  
  98  9:33  Baneling x3  
  104  9:41  Zergling x6  
  105  9:46  Zergling x6  
  105  9:47  Baneling  
  105  9:48  Baneling x3  
  105  9:49  Overlord  
  105  9:52  Zergling x8  
  111  9:53  Baneling x6  
  111  9:57  Zergling x12  
  117  10:03  Zergling x8  
  117  10:06  Zergling x10  
  109  10:11  Zergling x2  
  109  10:12  Pneumatized Carapace, Zergling x2  
  98  10:18  Zergling x8  
  95  10:23  Zergling x4  
  95  10:26  Zergling x6  
  96  10:32  Zergling x6  
  97  10:37  Zergling x6  
  97  10:41  Zergling x4  
  101  10:43  Zergling x2  
  101  10:45  Zergling x2  
  101  10:46  Zergling x2  
  101  10:48  Baneling x3  
  104  10:53  Zergling x6  
  107  11:03  Zergling x6  
  104  11:09  Zergling x10  
  98  11:25  Zergling x10  
  78  11:30  Zergling x2  
  72  11:36  Zergling x2  
Tags
 
Composition
MMM Bio
League
Master
Matchup
TvZ
Spawn Locations
Cross Positions
Add a new tag
Caveats
  • Supply blocks, unpowered buildings, or Contaminate may cause inaccurate times.
  • Supply counts are checked every 10 seconds.